 Dungeon Crawl Stone Soup version 0.27-a0-1501-g9d6fb14e67 (webtiles) character file.

Game seed: 15350654132675648171

177 tyt555 the Ruffian (level 5, -2/75 HPs)
             Began as a Troll Berserker on July 8, 2021.
             Was a Believer of Trog.
             Slain by Crazy Yiuf (9 damage)
             ... on level 2 of the Dungeon.
             The game lasted 00:08:23 (1387 turns).

tyt555 the Ruffian (Troll Berserker)                Turns: 1387, Time: 00:08:24

Health: -2/75      AC: 22    Str: 33    XL:     5   Next: 30%
Magic:  0/4        EV:  1    Int:  3    God:    Trog [**....]
Gold:   105        SH:  0    Dex: 10    Spells: 4/4 levels left

rFire    . . .     SeeInvis .     - Unarmed
rCold    . . .     Faith    .   (no shield)
rNeg     + + +     Spirit   .   (armour currently unavailable)
rPois    +         Reflect  .   (helmet currently unavailable)
rElec    .         Harm     .   (cloak currently unavailable)
rCorr    .         Rampage  .   (gloves unavailable)
Will     .....     NoTele   +   (boots unavailable)
Stlth    +.........             (no amulet)
HPRegen  1.22/turn              b - +4 ring of evasion
MPRegen  0.09/turn              j - +6 ring of strength

@: mighty, tree-form
A: stationary, stasis, torment immunity, boosted hp, large, unfitting armour,
(claws 3), regeneration 1, (shaggy fur 1), (tough skin 1), strong 1,
(teleportitis 1)
a: Renounce Religion, Berserk, Trog's Hand


You were on level 2 of the Dungeon.
You worshipped Trog.
Trog was pleased with you.
You were a tree.
You visited 1 branch of the dungeon, and saw 2 of its levels.

You collected 105 gold pieces.

Inventory:

Missiles
 d - 108 stones (quivered)
 k - 24 poisoned darts
Armour
 a - a +0 animal skin
 c - a +0 hat (melded)
 h - a +0 robe (melded)
Jewellery
 b - a +4 ring of evasion (left branch)
 f - a ring of resist corrosion
 j - a +6 ring of strength (right branch)
Scrolls
 e - a scroll of identify {unknown}
 i - a scroll of immolation {unknown}
 n - a scroll of blinking {unknown}
Potions
 o - a potion of magic {unknown}


   Skills:
 + Level 2.7 Fighting
 + Level 3.2 Dodging
 * Level 5.1 Unarmed Combat


You had 4 spell levels left.
You didn't know any spells.
Your spell library was empty.

Dungeon Overview and Level Annotations

Branches:
Dungeon (2/15)

Altars:
Cheibriados

Annotations:
D:2 Crazy Yiuf


Innate Abilities, Weirdness & Mutations

You are a tree.
Your roots penetrate the ground, keeping you stationary.
You cannot be teleported.
You are immune to unholy pain and torment.
Your maximum health is greatly increased.
Your equipment is partially melded.
You are too large for most types of armour.
((You have claws for hands.))
Your natural rate of healing is unusually fast.
((You are covered in fur. (AC +1)))
((You have tough skin. (AC +1)))
Your muscles are strong. (Str +2)
((You are occasionally teleported next to monsters.))


Message History

o - a lumpy pink potion
Things that are here:
a +0 dagger; a +0 robe
Found a mace.
Found a runed translucent door.
Crazy Yiuf shouts!
You open the door. You scratch Crazy Yiuf.
Crazy Yiuf is moderately wounded.
Crazy Yiuf hits you with a +3 quarterstaff of chaos.
You are electrocuted!
You claw Crazy Yiuf!
Crazy Yiuf is severely wounded.
Crazy Yiuf hits you with a +3 quarterstaff of chaos.
You are confused.
You closely miss Crazy Yiuf.
Crazy Yiuf is severely wounded.
Crazy Yiuf barely misses you.
You bump into the tree.
Crazy Yiuf hits you with a +3 quarterstaff of chaos!
You feel your power leaking away.
You bump into the tree.
You feel less confused.
Crazy Yiuf hits you with a +3 quarterstaff of chaos!
* * * LOW HITPOINT WARNING * * *
Crazy Yiuf freezes you.
* * * LOW HITPOINT WARNING * * *
You don't know any spells.
It was a potion of might.
You feel very mighty all of a sudden. Crazy Yiuf completely misses you.
It was a potion of mutation.
You feel extremely strange.
You feel stronger.
You feel weirdly uncertain. Crazy Yiuf barely misses you.
Your library has no spells.
It was a potion of lignification.
You turn into a tree.
Your +0 hat melds into your body.
Your +0 robe melds into your body.
Your roots penetrate the ground.
Crazy Yiuf grits, "Key fast sing!"
Crazy Yiuf hits you with a +3 quarterstaff of chaos!
You die...

#.. #.. #.. #..
##.. #... #...
##♣♣♣♣♣ #.##
###.P.♣♣♣♣♣ ###
##.##
##......♣g.♣#...#
#....
#....PP♣♣♣♣.'...#
#.... #..#.P♣♣
♣♣#..)# #....
#.###♣♣ ### #....
#.# ##### #.# #.#
##### #.# #...##


You could see Crazy Yiuf.

Vanquished Creatures
  Jessica (D:2)
  Natasha (D:2)
  Terence (D:2)
  A gnoll (D:1)
  3 adders
  A worm (D:2)
  2 dart slugs (D:1)
  5 ball pythons
  2 bats
  6 endoplasms
  3 giant cockroaches
  9 goblins
  4 hobgoblins
  6 kobolds
  5 quokkas
  2 frilled lizards (D:1)
  A rat (D:1)
53 creatures vanquished.

Notes
Turn   | Place    | Note
-------+----------+-------------------------------------------
     0 | D:1      | tyt555 the Troll Berserker began the quest for the Orb.
     0 | D:1      | Reached XP level 1. HP: 22/22 MP: 0/0
   183 | D:1      | Reached XP level 2. HP: 29/29 MP: 1/1
   444 | D:1      | Reached XP level 3. HP: 36/36 MP: 2/2
   539 | D:1      | Reached ** piety under Trog
   776 | D:2      | Noticed Terence
   789 | D:1      | Reached skill level 4 in Unarmed Combat
   806 | D:1      | Reached XP level 4. HP: 39/44 MP: 3/3
   823 | D:2      | Found a snail-covered altar of Cheibriados.
   828 | D:2      | Killed Terence
   863 | D:2      | Found a faded altar of an unknown god.
  1254 | D:2      | Noticed Natasha
  1263 | D:2      | Killed Natasha
  1264 | D:2      | Reached XP level 5. HP: 50/50 MP: 4/4
  1311 | D:2      | Noticed Jessica
  1317 | D:2      | Killed Jessica
  1318 | D:2      | Reached skill level 5 in Unarmed Combat
  1372 | D:2      | Found a runed translucent door.
  1373 | D:2      | Noticed Crazy Yiuf
  1384 | D:2      | HP: 1/50 [Crazy Yiuf (5)]
  1386 | D:2      | Gained mutation: Your muscles are strong. (Str +2) [potion
                  | of mutation]
  1386 | D:2      | Gained mutation: You are occasionally teleported next to
                  | monsters. [potion of mutation]
  1387 | D:2      | Slain by Crazy Yiuf

Illustrated notes

Levels and vault maps discovered:
D:1:      ncdulo_wetmaze, layout_loops_ring
D:2:      layout_rooms, basic_ecumenical_altar, basic_altar, serial_forest,
          infiniplex_forest_corner_1, infiniplex_forest_end_2,
          infiniplex_forest_clump_C, infiniplex_forest_join,
          infiniplex_forest_clump_cross, infiniplex_forest_straight_4,
          minmay_distorted, uniq_natasha, uniq_jessica, uniq_crazy_yiuf_cottage,
          uniq_terence

Skill      XL: |  1  2  3  4  5 |
---------------+----------------+-----
Unarmed Combat | 4 5 |  5.1
Dodging        | 3 |  3.2
Fighting       | |  2.7

Action                   |  1- 3 |  4- 6 || total
-------------------------+-------+-------++-------
Melee: Unarmed           |    68 |    62 ||   130
       Punch             |     4 |     2 ||     6
  Use: Potion            |       |     3 ||     3
Armor: Animal skin       |    15 |       ||    15
       Robe              |       |    12 ||    12
Dodge: Dodged            |    54 |    49 ||   103

Table legend: (Time is in decaauts)
 A = Elapsed time spent in this place.
 B = Non-inter-level travel time spent in this place.
 C = Inter-level travel time spent in this place.
 D = Time resting spent in this place.
 E = Time spent auto-exploring this place.
 F = Levels seen in this place.
 G = Mean time per level.
                   A        B        C        D        E       F      G
               +--------+--------+--------+--------+--------+-----+--------+
         Total |   1385 |   1385 |      0 |      0 |    891 |   2 |  692.5 |
       Dungeon |   1385 |   1385 |      0 |      0 |    891 |   2 |  692.5 |
               +--------+--------+--------+--------+--------+-----+--------+

Top non-repeatable levels by time:
     D:1: 800 daAuts
     D:2: 585 daAuts
